 Dungeon Crawl Stone Soup version 0.29.1-13-g9f3cf754e1 (webtiles) character file.

Game seed: 11634988432021471599

216 Thatpatchoflichen the Shooter (level 6, 0/39 HPs)
             Began as a Kobold Hunter on Jan 19, 2023.
             Slain by an iguana (12 damage)
             ... on level 6 of the Dungeon.
             The game lasted 00:13:04 (2457 turns).

Thatpatchoflichen the Shooter (Kobold Hunter)       Turns: 2457, Time: 00:13:05

Health: 0/39       AC:  3    Str:  8    XL:     6   Next: 16%
Magic:  6/6        EV: 16    Int: 11    God:
Gold:   98         SH:  5    Dex: 20    Spells: 5/5 levels left

rFire   . . .      SeeInvis .   a - +0 shortbow
rCold   . . .      Faith    .   (shield currently unavailable)
rNeg    . . .      Spirit   .   c - +0 leather armour
rPois   .          Reflect  +   (no helmet)
rElec   .          Harm     .   (no cloak)
rCorr   .          Rampage  .   (no gloves)
Will    .....                   (no boots)
Stlth   +++.......              h - amulet of reflection
HPRegen 0.13/turn               (no ring)
MPRegen 0.10/turn               (no ring)

@: no status effects
A: small, no large weapons, nightstalker 3
a: no special abilities


You were on level 6 of the Dungeon.
You visited 1 branch of the dungeon, and saw 5 of its levels.

You collected 98 gold pieces.

Inventory:

Hand Weapons
 a - a +0 shortbow (weapon)
 k - a +0 dagger of draining
 m - a +4 mace
 o - a +1 whip of venom
 q - a +0 flail
 r - a +0 flail
Missiles
 d - 4 atropa-tipped darts
 p - 6 curare-tipped darts
 s - a throwing net
Armour
 c - a +0 leather armour (worn)
 g - an orb of guile
 j - a +0 scale mail
Jewellery
 h - an amulet of reflection (around neck)
Wands
 u - a wand of mindburst (12)
Scrolls
 b - 2 scrolls of immolation
 e - a scroll of noise {unknown}
 f - 2 scrolls of identify {unknown}
 i - a scroll of enchant armour {unknown}
 l - a scroll of amnesia {unknown}
 n - a scroll of magic mapping {unknown}
 v - a scroll of poison {unknown}
Potions
 t - a potion of heal wounds


   Skills:
 + Level 4.3 Fighting
 + Level 6.9 Ranged Weapons
 - Level 4.0 Dodging
 - Level 2.0 Stealth


You had 5 spell levels left.
You didn't know any spells.
Your spell library contained the following spells:

 Spells                   Type           Power      Damage    Failure   Level
 Sublimation of Blood     Necr           0%         N/A       61%         2
 Frozen Ramparts          Ice            0%         1d1       83%         3
 Ozocubu's Armour         Ice            0%         N/A       83%         3
 Ice Form                 Ice/Tmut       0%         N/A       99%         4
 Petrify                  Tmut/Erth      0%         N/A       99%         4
 Summon Ice Beast         Ice/Summ       0%         N/A       99%         4
 Irradiate                Conj/Tmut      0%         3d11      100%        5
 Metabolic Englaciation   Hex/Ice        0%         N/A       100%        5
 Simulacrum               Ice/Necr       0%         N/A       100%        6


Dungeon Overview and Level Annotations

Branches:
Dungeon (4/15)
 Temple: D:4-7

Altars:
Zin


Innate Abilities, Weirdness & Mutations

You are small and have problems with some larger weapons.
You are completely attuned to the shadows.


Message History

Press: ? - help, Q - select action, (/) - cycle Shift-Dir - straight line, f/p - scorpion
Aim: a scorpion (almost dead, 66% to hit)
You shoot an arrow. The arrow closely misses the scorpion.
The scorpion stings you but does no damage.
Unknown command.
Fire: a) +0 shortbow
Press: ? - help, Q - select action, (/) - cycle Shift-Dir - straight line, f/p - scorpion
Aim: a scorpion (almost dead, 66% to hit)
You shoot an arrow. The arrow barely misses the scorpion.
You hear a shout!
The scorpion closely misses you. The scorpion completely misses you.
An iguana comes into view.
You hear a shout!
Fire: a) +0 shortbow
Press: ? - help, Q - select action, (/) - cycle Shift-Dir - straight line, f/p - scorpion
Aim: a scorpion (almost dead, 66% to hit)
You shoot an arrow. The arrow hits the scorpion.
You kill the scorpion!
Your Fighting skill increases to level 4!
You have reached level 6!
Fire: a) +0 shortbow
Press: ? - help, Q - select action, (/) - cycle Shift-Dir - straight line, f - iguana
Aim: an iguana (70% to hit)
You shoot an arrow. The arrow closely misses the iguana.
Unknown command.
Fire: a) +0 shortbow
Press: ? - help, Q - select action, (/) - cycle Shift-Dir - straight line, f/p - iguana
Aim: an iguana (70% to hit)
You shoot an arrow. The arrow hits the iguana.
The iguana is lightly wounded.
Fire: a) +0 shortbow
Press: ? - help, Q - select action, (/) - cycle Shift-Dir - straight line, f/p - iguana
Aim: an iguana (lightly wounded, 70% to hit)
You shoot an arrow. The arrow hits the iguana.
The iguana is moderately wounded.
A gnoll comes into view. It is wielding a +0 whip.
The iguana completely misses you. The iguana bites you!
The iguana attacks as you move away! The iguana bites you!
You die...

.. ... ...###
..g..# #...#
# ###l##.. ..
#..@....
#..###.....##
..........>#
...##..##.##
.. ##.# ## .
+.# +.# #.#
..#


You could see an iguana and a gnoll.

Vanquished Creatures
  A scorpion (D:6)
  A howler monkey (D:6)
  2 adders
  3 gnolls (D:2)
  2 dart slugs
  6 ball pythons
  2 bats (D:2)
  7 endoplasms
  2 giant cockroaches
  10 hobgoblins
  4 jackals (D:3)
  4 quokkas
  2 frilled lizards
  6 goblins
  7 kobolds
  4 rats
63 creatures vanquished.

Notes
Turn   | Place    | Note
-------+----------+-------------------------------------------
     0 | D:1      | Thatpatchoflichen the Kobold Hunter began the quest for the
                  | Orb.
     0 | D:1      | Reached XP level 1. HP: 12/12 MP: 1/1
   177 | D:1      | Reached XP level 2. HP: 18/18 MP: 2/2
   450 | D:1      | Found a faded altar of an unknown god.
   540 | D:1      | Reached XP level 3. HP: 22/22 MP: 3/3
  1287 | D:2      | HP: 1/22 [adder (3)]
  1291 | D:2      | Reached XP level 4. HP: 28/28 MP: 4/4
  1499 | D:2      | Reached skill level 6 in Ranged Weapons
  1953 | D:2      | Reached XP level 5. HP: 20/32 MP: 5/5
  2301 | D:3      | Found a glowing silver altar of Zin.
  2420 | D:3      | You fall into a shaft and drop 3 floors!
  2452 | D:6      | Reached XP level 6. HP: 19/39 MP: 6/6
  2457 | D:6      | Slain by an iguana

Illustrated notes

Levels and vault maps discovered:
D:1:      dpeg_arrival_morbid_curiosity, layout_basic,
          hellmonk_ecumenical_altar_zigzags
D:2:      layout_rooms
D:3:      layout_loops_cross, mainiacjoe_overflow_catch_the_wave,
          kennysheep_generic_room_7
D:4:      layout_loops_corners, nicolae_concentric_dashed_squares_wild
D:6:      layout_cave_pools, serial_gnoll_camp, grums_kennel,
          gnoll_camp_mini_basic, gnoll_camp_huts_basic,
          gnoll_camp_mini_loothouse, gnoll_camp_mini_hut,
          nicolae_shop_overcharged_wands, uniq_blork_the_orc

Skill      XL: |  1  2  3  4  5 |
---------------+----------------+-----
Stealth        | 2 |  2.0
Dodging        | 3 4 |  4.0
Fighting       | 3 4 |  4.3
Ranged Weapons | 6 |  6.9

Action                   |  1- 3 |  4- 6 || total
-------------------------+-------+-------++-------
 Fire: Shortbow          |    82 |    92 ||   174
  Use: Potion            |     1 |       ||     1
Armor: Leather armour    |     9 |    16 ||    25
Dodge: Dodged            |    41 |    71 ||   112
Block: Other             |       |    17 ||    17
